 Dungeon Crawl Stone Soup version 0.29.1-15-g9cfb28693d (webtiles) character file.

Game seed: 15946020011633476044

3791 jtron the Cruncher (level 10, -3/79 HPs)
             Began as a Gnoll Wanderer on Mar 20, 2023.
             Was a Believer of Makhleb.
             Slain by a starcursed mass (7 damage)
             ... on level 2 of the Abyss.
             The game lasted 00:16:22 (7788 turns).

jtron the Cruncher (Gnoll Wanderer)                 Turns: 7788, Time: 00:16:23

Health: -3/79      AC: 10    Str: 21    XL:     10   Next: 16%
Magic:  17/17      EV: 12    Int: 15    God:    Makhleb [**....]
Gold:   500        SH:  0    Dex: 15    Spells: 19/19 levels left

rFire   + . .      SeeInvis .   D - +2 quarterstaff (chaos)
rCold   . . .      Faith    .   (shield currently unavailable)
rNeg    . . .      Spirit   .   h - +0 scale mail {rF+}
rPois   .          Reflect  .   (no helmet)
rElec   .          Harm     .   u - +0 cloak
rCorr   .          Rampage  .   (no gloves)
Will    .....                   B - +0 pair of boots
Stlth   ++........              (no amulet)
HPRegen 0.23/turn               g - +6 ring of strength
MPRegen 0.15/turn               G - +6 ring of intelligence

@: no status effects
A: fangs 1, strong nose, distributed training
a: Renounce Religion, Minor Destruction


You were on level 2 of the Abyss.
You worshipped Makhleb.
Makhleb was pleased with you.
You visited 2 branches of the dungeon, and saw 10 of its levels.
You visited the Abyss 1 time.

You collected 500 gold pieces.

Inventory:

Hand Weapons
 a - a +1 vorpal quarterstaff
 b - a +0 sling
 D - a +2 quarterstaff of chaos (weapon)
Missiles
 e - 5 poisoned darts
 n - 99 stones
 p - 4 boomerangs (quivered)
 q - 7 curare-tipped darts
 y - 6 silver javelins
 M - a boomerang of dispersal
Armour
 h - a +0 scale mail of fire resistance (worn)
 u - a +0 cloak (worn)
 B - a +0 pair of boots (worn)
 K - +0 steam dragon scales
Magical Staves
 x - a staff of conjuration
Jewellery
 g - a +6 ring of strength (left hand)
 i - a ring of fire
 G - a +6 ring of intelligence (right hand)
Wands
 A - a wand of acid (8)
 C - a wand of iceblast (8)
 E - a wand of flame (26)
 L - a wand of mindburst (5)
 N - a wand of polymorph (7)
 R - a wand of digging (6)
Scrolls
 c - 3 scrolls of fear
 f - a scroll of vulnerability {unknown}
 m - a scroll of amnesia {unknown}
 o - a scroll of acquirement {unknown}
 s - a scroll of blinking
 v - 2 scrolls of enchant armour {unknown}
 w - a scroll of teleportation
 z - 2 scrolls of poison
 H - a scroll of enchant weapon {unknown}
Potions
 d - 4 potions of degeneration
 j - 4 potions of curing
 k - 2 potions of ambrosia
 l - a potion of lignification
 r - 4 potions of mutation
 t - a potion of brilliance
 F - 3 potions of might {unknown}
 I - 2 potions of resistance
 J - a potion of magic {unknown}
 O - 2 potions of cancellation
 P - a potion of flight
 Q - 2 potions of heal wounds


   Skills:
 + Level 7.0 Fighting
 + Level 5.2 Short Blades
 + Level 5.2 Long Blades
 + Level 5.2 Axes
 + Level 5.2 Maces & Flails
 + Level 5.2 Polearms
 + Level 10.0 Staves
 + Level 5.2 Ranged Weapons
 + Level 5.2 Throwing
 + Level 7.0 Armour
 + Level 5.2 Dodging
 + Level 5.8 Stealth
 + Level 5.2 Shields
 + Level 5.2 Unarmed Combat
 + Level 5.2 Spellcasting
 + Level 4.3 Conjurations
 + Level 4.3 Hexes
 + Level 4.3 Summonings
 + Level 4.3 Necromancy
 + Level 4.3 Translocations
 + Level 4.3 Transmutations
 + Level 4.3 Fire Magic
 + Level 4.3 Ice Magic
 + Level 4.3 Air Magic
 + Level 4.3 Earth Magic
 + Level 4.3 Poison Magic
 + Level 5.7 Invocations
 + Level 5.9 Evocations


You had 19 spell levels left.
You didn't know any spells.
Your spell library contained the following spells:

 Spells                   Type           Power      Damage    Failure   Level
 Apportation              Tloc           32%        N/A       7%          1
 Sting                    Tmut/Pois      64%        1d6       7%          1
 Summon Small Mammal      Summ           64%        N/A       7%          1
 Blink                    Tloc           32%        N/A       10%         2
 Poisonous Vapours        Pois/Air       32%        N/A       10%         2
 Call Canine Familiar     Summ           16%        N/A       21%         3
 Conjure Flame            Conj/Fire      16%        6-21      21%         3
 Gell's Gravitas          Tloc           16%        N/A       21%         3
 Ignite Poison            Fire/Tmut/Pois 16%        N/A       21%         3
 Portal Projectile        Hex/Tloc       32%        N/A       21%         3
 Summon Guardian Golem    Hex/Summ       16%        N/A       21%         3
 Teleport Other           Tloc           16%        N/A       21%         3
 Leda's Liquefaction      Hex/Erth       8%         N/A       54%         4
 Olgreb's Toxic Radiance  Pois           16%        N/A       54%         4
 Sticky Flame             Conj/Fire      16%        2d4       54%         4
 Alistair's Intoxication  Tmut/Pois      10%        N/A       88%         5
 Manifold Assault         Tloc           16%        N/A       88%         5
 Dispersal                Tloc           8%         N/A       100%        6
 Storm Form               Tmut/Air       8%         N/A       100%        7


Dungeon Overview and Level Annotations

Branches:
Dungeon (9/15)             Temple (1/1) D:4
   Lair: D:8-11         Orc: D:9-12

Altars:
Ashenzari
Cheibriados
Dithmenos
Elyvilon
Fedhas
Gozag
Hepliaklqana
Kikubaaqudgha
Makhleb
Nemelex Xobeh
Okawaru
Qazlal
Ru
Sif Muna
Trog
Uskayaw
Vehumet
Wu Jian
Xom
Yredelemnul
Zin
The Shining One

Annotations:
D:9 Erolcha


Innate Abilities, Weirdness & Mutations

You have very sharp teeth.
Your uncanny sense of smell can sniff out nearby items.
Your experience applies equally to all skills.


Message History

You feel yourself growing ill in the presence of the ancient zyme.
An ancient zyme is nearby!
An ancient zyme is nearby!
An ancient zyme is nearby!
You start resting.
You feel yourself growing ill in the presence of the ancient zyme.
You feel ill.
There is an open door here.
You can't go down here!
You can't go up here!
Found two gateways leading deeper into the Abyss.
There is a gateway leading deeper into the Abyss here.
You plunge deeper into the Abyss.
Found a burning altar of Makhleb.
There is a burning altar of Makhleb here.
You offer a prayer to Makhleb.
You feel your health improve.
A vampire comes into view.
A starcursed mass bursts from nowhere.
A starcursed mass is nearby!
A starcursed mass splits.
A chorus of shrieks assaults your mind.
You hit the starcursed mass.
The starcursed mass flickers and vanishes!
Deactivating autopickup; reactivate with Ctrl-A.
Reactivating autopickup.
Something touches you.
Deactivating autopickup; reactivate with Ctrl-A.
Something touches you but does no damage.
Something touches you!
A demon appears!
Something touches you.
You sock something!
A deafening chorus of shrieks assaults your mind!
* * * LOW HITPOINT WARNING * * *
A demon appears!
You can no longer summon a lesser servant of Makhleb.
Something touches you.
* * * LOW HITPOINT WARNING * * *
Something touches you!
You die...

#. .#..# ##
#....§.##. .
.#.. .._.###
..#.##.....#
.
.#.##....#.#.
# . #..... .
#.. . .#3..##
.# ###.##.##
#.#
#..@{#§##§#
####.{...#
#4#{§..#
###{{.#.#
#####.#


You could see a friendly neqoxec (summoned).

Vanquished Creatures
  A two-headed ogre (D:7)
  Grinder (D:5)
  Sigmund (D:2)
  A human (D:8)
  A wyvern (D:6)
  Eustachio (D:5)
  A steam dragon (D:7)
  Menkaure (D:4)
  Duvessa (D:5)
  2 ice beasts
  An ogre (D:5)
  A centaur (D:7)
  2 phantoms (D:5)
  2 kobold brigands (D:7)
  4 bullfrogs
  2 scorpions (D:6)
  5 wights (D:7)
  Dowan (D:5)
  5 orc priests
  3 hounds
  Crazy Yiuf (D:5)
  2 jellies
  2 iguanas
  2 orc wizards
  Robin (D:2)
  2 gnolls (D:6)
  8 adders
  A shadow imp (D:7)
  3 white imps
  An ufetubus (D:6)
  2 worms (D:2)
  A dart slug (D:5)
  35 orcs
  3 ball pythons (D:3)
  6 bats
  2 bat zombies (D:5)
  5 endoplasms
  5 giant cockroaches
  18 goblins
  19 hobgoblins
  9 jackals
  25 kobolds
  3 quokkas (D:3)
  2 frilled lizards (D:1)
  5 rats
200 creatures vanquished.

Vanquished Creatures (others)
  2 starspawn tentacles (Abyss:1)
2 creatures vanquished.

Grand Total: 202 creatures vanquished

Notes
Turn   | Place    | Note
-------+----------+-------------------------------------------
     0 | D:1      | jtron the Gnoll Wanderer began the quest for the Orb.
     0 | D:1      | jtron set off with the following items: a +1 vorpal
                  | quarterstaff, a +0 scale mail, a scroll of fear.
     0 | D:1      | Reached XP level 1. HP: 20/20 MP: 1/1
   190 | D:1      | Reached XP level 2. HP: 26/26 MP: 2/2
   552 | D:1      | Found a faded altar of an unknown god.
   618 | D:2      | Reached XP level 3. HP: 21/31 MP: 3/3
   813 | D:2      | Reached skill level 1 in Invocations
   899 | D:2      | Noticed Sigmund
   931 | D:2      | Killed Sigmund
   932 | D:2      | Reached skill level 1 in Short Blades
   932 | D:2      | Reached skill level 1 in Long Blades
   932 | D:2      | Reached skill level 1 in Axes
   932 | D:2      | Reached skill level 1 in Maces & Flails
   932 | D:2      | Reached skill level 1 in Polearms
   932 | D:2      | Reached skill level 1 in Ranged Weapons
   932 | D:2      | Reached skill level 1 in Throwing
   932 | D:2      | Reached skill level 1 in Dodging
   932 | D:2      | Reached skill level 1 in Shields
   932 | D:2      | Reached skill level 1 in Unarmed Combat
   932 | D:2      | Reached skill level 1 in Spellcasting
   932 | D:2      | Reached skill level 1 in Conjurations
   932 | D:2      | Reached skill level 1 in Hexes
   932 | D:2      | Reached skill level 1 in Summonings
   932 | D:2      | Reached skill level 1 in Necromancy
   932 | D:2      | Reached skill level 1 in Translocations
   932 | D:2      | Reached skill level 1 in Transmutations
   932 | D:2      | Reached skill level 1 in Fire Magic
   932 | D:2      | Reached skill level 1 in Ice Magic
   932 | D:2      | Reached skill level 1 in Air Magic
   932 | D:2      | Reached skill level 1 in Earth Magic
   932 | D:2      | Reached skill level 1 in Poison Magic
   932 | D:2      | Reached XP level 4. HP: 9/38 MP: 4/6
   932 | D:2      | Reached XP level 5. HP: 10/43 MP: 4/7
  1708 | D:2      | Reached XP level 6. HP: 50/50 MP: 8/8
  1715 | D:2      | Noticed Robin
  1734 | D:2      | Killed Robin
  1821 | D:2      | Reached skill level 5 in Fighting
  1821 | D:2      | Reached skill level 5 in Armour
  2705 | D:4      | Found a staircase to the Ecumenical Temple.
  2751 | D:4      | Found a broken altar of Ashenzari.
  2914 | D:4      | Noticed Menkaure
  2923 | D:4      | Killed Menkaure
  2924 | D:4      | Reached XP level 7. HP: 56/56 MP: 10/10
  2929 | Temple   | Entered the Ecumenical Temple
  3041 | Temple   | Became a worshipper of Makhleb the Destroyer
  3101 | D:4      | Found a shimmering altar of Xom.
  3108 | D:4      | Found a blossoming altar of Fedhas.
  3111 | D:4      | Found a snail-covered altar of Cheibriados.
  3111 | D:4      | Found an opulent altar of Gozag.
  3126 | D:4      | Found a glowing silver altar of Zin.
  3357 | D:5      | Entered Level 5 of the Dungeon
  3523 | D:5      | Reached skill level 9 in Staves
  3862 | D:5      | Noticed Duvessa
  3878 | D:5      | Noticed Dowan
  3887 | D:5      | Killed Duvessa
  3896 | D:5      | Killed Dowan
  3897 | D:5      | Reached XP level 8. HP: 58/63 MP: 12/12
  3953 | D:5      | Noticed Eustachio
  3967 | D:5      | Killed Eustachio
  4088 | D:5      | Reached * piety under Makhleb
  4102 | D:5      | Noticed Grinder
  4107 | D:5      | Paralysed by Grinder for 3 turns
  4119 | D:5      | Killed Grinder
  4186 | D:5      | Found an ancient bone altar of Kikubaaqudgha.
  4283 | D:5      | Found a runed translucent door.
  4284 | D:5      | Noticed Crazy Yiuf
  4290 | D:5      | Killed Crazy Yiuf
  4767 | D:6      | Reached XP level 9. HP: 69/69 MP: 14/14
  5055 | D:6      | You fall into a shaft and drop 1 floor!
  5586 | D:6      | Reached ** piety under Makhleb
  5628 | D:6      | Reached skill level 5 in Evocations
  5952 | D:7      | Reached skill level 5 in Stealth
  6190 | D:7      | Noticed a two-headed ogre
  6194 | D:7      | Reached skill level 5 in Invocations
  6202 | D:7      | HP: 3/71 [two-headed ogre/+0 dire flail (24)]
  6208 | D:7      | Killed a two-headed ogre
  6328 | D:7      | Reached *** piety under Makhleb
  6343 | D:7      | Reached skill level 5 in Short Blades
  6343 | D:7      | Reached skill level 5 in Long Blades
  6343 | D:7      | Reached skill level 5 in Axes
  6343 | D:7      | Reached skill level 5 in Maces & Flails
  6343 | D:7      | Reached skill level 5 in Polearms
  6343 | D:7      | Reached skill level 5 in Ranged Weapons
  6343 | D:7      | Reached skill level 5 in Throwing
  6343 | D:7      | Reached skill level 5 in Dodging
  6343 | D:7      | Reached skill level 5 in Shields
  6343 | D:7      | Reached skill level 5 in Unarmed Combat
  6343 | D:7      | Reached skill level 5 in Spellcasting
  6343 | D:7      | Reached XP level 10. HP: 62/77 MP: 17/17
  6589 | D:7      | Reached skill level 10 in Staves
  6761 | D:8      | Found a runed translucent door.
  6765 | D:8      | Found a basalt altar of Yredelemnul.
  7456 | D:9      | Noticed Erolcha
  7457 | Abyss:1  | Cast into level 1 of the Abyss (Erolcha)
  7510 | Abyss:1  | Found a candlelit altar of Ignis.
  7548 | Abyss:1  | Noticed a tentacled starspawn
  7711 | Abyss:2  | Found a burning altar of Makhleb.
  7775 | Abyss:2  | Noticed a starcursed mass
  7788 | Abyss:2  | Slain by a starcursed mass

Illustrated notes

Levels and vault maps discovered:
D:1:      reono_arrival_mine, layout_basic,
          hellmonk_ecumenical_altar_inner_sanctum, minmay_pentomino_p4
D:2:      layout_basic, uniq_sigmund, uniq_robin
D:3:      layout_basic, hex_intersection
D:4:      layout_loops_ring, mainiacjoe_overflow_24_doors,
          nicolae_overflow_hallway_of_the_gods, minmay_temple_entry_grid,
          uniq_menkaure
D:5:      layout_rooms, lemuel_zombie_altar_kikubaaqudgha,
          uniq_crazy_yiuf_cottage, uniq_eustachio, uniq_grinder, uniq_duvessa
D:6:      corexii_shantytown, layout_cave_pods
D:7:      layout_gridville
D:8:      layout_basic, dk_yredelemnul_ordeal
D:9:      layout_small_grid, minmay_shop_chei, hangedman_fish_farm, uniq_erolcha
Temple:   eino_temple_lava
Abyss:2:  base: Temple, evilmike_abyss_exit_3

Skill      XL: |  1  2  3  4  5  6  7  8  9 10 |
---------------+-------------------------------+-----
Invocations    | 1 2 3 4 5 |  5.7
Short Blades   | 1 2 3 5 |  5.2
Long Blades    | 1 2 3 5 |  5.2
Axes           | 1 2 3 5 |  5.2
Maces & Flails | 1 2 3 5 |  5.2
Polearms       | 1 2 3 5 |  5.2
Ranged Weapons | 1 2 3 5 |  5.2
Throwing       | 1 2 3 5 |  5.2
Dodging        | 1 2 3 5 |  5.2
Shields        | 1 2 3 5 |  5.2
Unarmed Combat | 1 2 3 5 |  5.2
Spellcasting   | 1 2 3 5 |  5.2
Conjurations   | 1 2 3 4 |  4.3
Hexes          | 1 2 3 4 |  4.3
Summonings     | 1 2 3 4 |  4.3
Necromancy     | 1 2 3 4 |  4.3
Translocations | 1 2 3 4 |  4.3
Transmutations | 1 2 3 4 |  4.3
Fire Magic     | 1 2 3 4 |  4.3
Ice Magic      | 1 2 3 4 |  4.3
Air Magic      | 1 2 3 4 |  4.3
Earth Magic    | 1 2 3 4 |  4.3
Poison Magic   | 1 2 3 4 |  4.3
Evocations     | 3 4 5 |  5.9
Stealth        | 3 4 5 |  5.8
Fighting       | 5 6 7 |  7.0
Armour         | 5 6 7 |  7.0
Staves         | 9 10 | 10.0

Action                   |  1- 3 |  4- 6 |  7- 9 | 10-12 || total
-------------------------+-------+-------+-------+-------++-------
Melee: Quarterstaff      |    68 |   101 |   242 |    61 ||   472
       Bite              |     2 |    10 |    20 |     9 ||    41
 Fire: Sling             |       |     8 |       |       ||     8
Throw: Boomerang         |     1 |     2 |    17 |       ||    20
Invok: Minor Destruction |       |       |     1 |       ||     1
       Lesser Servant of |       |       |       |     4 ||     4
Evoke: Wand              |       |       |    16 |       ||    16
  Use: Scroll            |     3 |     3 |     5 |     3 ||    14
       Potion            |     1 |     1 |     4 |       ||     6
 Stab: Sleeping          |       |       |     3 |     1 ||     4
       Paralysed         |       |       |     1 |     1 ||     2
       Confused          |       |       |     1 |       ||     1
       Distracted        |       |       |       |     1 ||     1
Armor: Scale mail        |    25 |    49 |    82 |    31 ||   187
Dodge: Dodged            |    20 |    48 |    85 |    54 ||   207
